 Dungeon Crawl Stone Soup version 0.14-a0-2810-g474977d (webtiles) character file.

185568 Neoxx the Severer (level 18, -4/140 (143) HPs)
             Began as a Formicid Fighter on Feb 24, 2014.
             Was the Champion of Okawaru.
             Slain by the royal jelly (30 damage)
             ... on Level 6 of the Pits of Slime on Feb 25, 2014.
             The game lasted 02:57:51 (36900 turns).

Neoxx the Severer (Formicid Fighter)               Turns: 36900, Time: 02:57:51

HP  -4/140 (143) AC 27     Str 35      XL: 18   Next: 64%
MP  29/30        EV 14     Int  7      God: Okawaru [******]
Gold 1328        SH 35     Dex 15      Spells:  3 memorised, 11 levels left

rFire  + . .     SeeInvis +     y - +4,-1 battleaxe (vamp)
rCold  + + +     Clarity  .     E - +3 plate armour {rC+}
rNeg   . . .     Conserve +     g - +1 dwarf shield
rPois  +         rCorr    +     (helmet unavailable)
rElec  +         rRot     .     O - +1 cloak {rCorr, Cons}
SustAb + .       Spirit   .     C - +1 pair of gloves {Str+3}
rMut   +         Warding  .     Q - -3 pair of boots of Gluttony {rF+ rC++}
Saprov . . .     Stasis   +     j - amulet of resist mutation
MR     +....                    b - ring "Froicla" {SustAb rElec rPois Stlth++}
                                J - ring of sustenance

@: invisible, agile, very slightly contaminated, heroism, somewhat resistant to
hostile enchantments, extremely unstealthy
A: permanent stasis, dig shafts and tunnels, four strong arms, poison weakness,
antennae 3, strong 1, wild magic 1, exoskeleton 1
a: Dig, Shaft Self, Heroism, Renounce Religion
}: 1/15 runes: gossamer


You were on level 6 of the Pits of Slime.
You worshipped Okawaru.
Okawaru was exalted by your worship.
You were not hungry.

You visited 6 branches of the dungeon, and saw 37 of its levels.
You also visited: Labyrinth.

You collected 2909 gold pieces.
You spent 1581 gold pieces at shops.

Inventory:

Hand weapons
 a - the +2,+4 war axe "Greggace" {venom, rN+ MR++}
   (You found it on level 10 of the Dungeon)

   It poisons the flesh of those it strikes.
   It protects you from negative energy.
   It affects your resistance to hostile enchantments.
 y - a +4,-1 vampiric battleaxe (weapon)
Missiles
 l - 3 large rocks (quivered)
 R - 7 tomahawks of returning
Armour
 c - a +2 pair of boots of stealth
 g - a +1 dwarven shield (worn)
 C - a +1 pair of gloves of strength (worn)
 E - a +3 plate armour of cold resistance (worn)
 O - a +1 cloak of preservation (worn)
 Q - the -3 pair of boots of Gluttony (worn) {rF+ rC++}
   (You found it on level 13 of the Dungeon)

   It protects you from fire.
   It greatly protects you from cold.
Magical devices
 m - a wand of heal wounds (5)
 r - a wand of disintegration (12)
 I - a wand of teleportation (2)
 S - a wand of lightning (4)
Comestibles
 d - 17 bread rations
Scrolls
 h - 3 scrolls of summoning
 n - 5 scrolls of remove curse
 w - a scroll of fog
 z - a scroll of noise
 F - 7 scrolls of fear
Jewellery
 b - the ring "Froicla" (right hand) {SustAb rElec rPois Stlth++}
   (You found it on level 13 of the Dungeon)

   [ring of sustain abilities]

   It insulates you from electricity.
   It protects you from poison.
   It makes you much more stealthy.
 j - an amulet of resist mutation (around neck)
 p - an uncursed ring of poison resistance
 u - a +5 ring of protection
 J - a ring of sustenance (left hand)
 U - an uncursed ring of protection from cold {unknown}
Potions
 e - 5 potions of curing
 f - 2 potions of lignification
 i - 2 potions of invisibility
 s - 5 potions of agility
 t - a potion of magic
 B - 3 potions of resistance
 K - 2 potions of flight
 L - 8 potions of heal wounds
 M - 3 potions of might
Miscellaneous
 o - an ornate deck of war
 q - a sack of spiders
 A - a sack of spiders
 H - a lantern of shadows
 Z - a stone of tremors


   Skills:
 + Level 13.0(18.0) Fighting
 * Level 20.4(25.4) Axes
 - Level 2.0(7.0) Throwing
 + Level 14.8(19.8) Armour
 + Level 12.4(17.4) Shields
 - Level 10.0 Invocations
 - Level 5.0 Evocations


You had 11 spell levels left.
You knew the following spells:

 Your Spells              Type           Power        Failure   Level  Hunger
a - Summon Butterflies    Summ           #.......     97%         1    ##.....
b - Regeneration          Chrm/Necr      #.........   100%        3    ####...
c - Shroud of Golubria    Chrm/Tloc      #.........   99%         2    ###....


Dungeon Overview and Level Annotations

Branches:
Dungeon (13/16)            Temple (1/1) D:6             Orc (4/4) D:12
    Elf (0/3) Orc:4          Lair (8/8) D:8          Shoals (0/5) Lair:5
 Spider (5/5) Lair:6        Slime (6/6) Lair:8

Altars:
Ashenzari
Cheibriados
Dithmenos
Elyvilon
Fedhas
Kikubaaqudgha
Makhleb
Nemelex Xobeh
Okawaru
Sif Muna
Trog
Vehumet
Xom
Yredelemnul
Zin
The Shining One
Beogh

Shops:
D:4 *   D:9 (**}   Orc:1 }   Orc:3 [/!   Orc:4 [[}*!

Annotations:
D:9 exclusions: 4 electric eels, sensed monster (detected) and 10 more exclusions
Lair:7 exclusion: oklob plant
Slime:6 Royal Jelly


Innate Abilities, Weirdness & Mutations

Your are under a permanent stasis effect.
You can dig through walls and to a lower floor.
Your four strong arms can wield any weapon, most with a shield.
You have a pair of large antennae on your head (SInv).
Your body is surrounded by an exoskeleton. (AC +1)
Your muscles are strong. (Str +2)
Your spells are a little harder to cast, but a little more powerful.


Message History

The royal jelly closely misses you. The royal jelly hits you.
* * * LOW HITPOINT WARNING * * *
You are splashed with acid!
The acid burns!
You resist.
* * * LOW HITPOINT WARNING * * *
You slash the azure jelly!
You feel better.
You kill the azure jelly!
Okawaru accepts your kill.
Your Fighting skill increases to level 13!
You block the brown ooze's attack.
The royal jelly hits you but does no damage.
You block the royal jelly's attack.
You hit the brown ooze but do no damage.
You block the royal jelly's attack.
The royal jelly hits you but does no damage.
You block the brown ooze's attack.
The brown ooze hits you but does no damage.
You slice the brown ooze!!
The brown ooze is heavily wounded.
The royal jelly hits you!
You die...

... .. ... . .... { .... .. ....
## .... .... .# ..... .... ##.#
...... .... .. #JJ# ....... ....
...## #@# . ........ ....
.....###J#####........... ....
.........J................ .....
.......................... ......
..........................
....... .........................
.................................
.................................
.................................


You could see the royal jelly, 2 brown oozes and an ooze.

Vanquished Creatures
  Arachne (Spider:5)
  5 acid blobs (Slime:6)
  5 ghost moths
  4 azure jellies
  Wiglaf (Spider:5)
  3 emperor scorpions (Spider:5)
  Azrael (Spider:4)
  4 death oozes
  Snorg (Spider:4)
  A minotaur (Lab)
  Harold (D:11)
  A great orb of eyes (Slime:6)
  6 hydras
  11 death yaks
  3 orc high priests (Orc:4)
  A catoblepas (Lair:7)
  A rakshasa (D:13)
  Nergalle (D:10)
  19 orb spiders
  The ghost of timbw the Cleaver, an experienced VSGl of the Shining One (D:10)
  3 unseen horrors (D:13)
  2 hill giants
  3 orc sorcerers (Orc:4)
  Joseph (D:9)
  7 orc knights
  2 shining eyes
  23 wolf spiders
  7 red wasps
  A cyclops (D:12)
  25 slime creatures
  13 elephants
  Maurice (D:13)
  3 black mambas
  An octopode (D:9)
  A black mamba (shapeshifter) (D:13)
  A feature mimic (D:13)
  An item mimic (D:13)
  A queen ant (Spider:4)
  16 spiny frogs
  3 eyes of devastation
  13 demonic crawlers
  A centaur zombie (D:11)
  5 komodo dragons
  A wandering mushroom (Lair:5)
  7 trolls
  Sonja (Orc:2)
  31 jumping spiders
  2 giant leeches (Lair:8)
  4 boulder beetles
  19 blink frogs
  10 brown oozes
  A snapping turtle (Lair:5)
  3 formicids
  A basilisk (shapeshifter) (D:13)
  11 sharks
  5 basilisks
  61 redbacks
  41 trapdoor spiders
  23 yaks
  2 hogs (D:8)
  18 tarantellas
  2 golden eyes (Slime:3)
  Eustachio (Orc:2)
  An elephant slug (D:8)
  Grum (D:9)
  20 wolves
  A wyvern (D:11)
  9 hippogriffs
  21 soldier ants
  9 vampire mosquitoes
  4 fire elementals (Spider:4)
  Menkaure (D:5)
  2 hell hounds (Spider:4)
  3 swamp worms (Spider:2)
  6 hungry ghosts
  A necrophage (D:11)
  2 mottled dragons
  8 phantoms
  4 ice beasts
  4 sky beasts
  7 giant goldfish
  A human (D:8)
  13 porcupines
  24 orc warriors
  12 ogres
  A black bear (D:13)
  A yellow wasp (D:10)
  8 crocodiles
  A boring beetle (Lair:7)
  2 wargs
  3 centaurs
  13 water moccasins
  A brain worm (Spider:2)
  11 giant slugs
  30 giant frogs
  2 elf zombies
  5 agate snails
  8 eyes of draining
  A yak zombie (D:12)
  10 killer bees
  2 yak skeletons (Orc:4)
  9 wights
  6 electric eels
  A vampire bat (Orc:1)
  30 spiders
  13 crimson imps
  6 goliath beetles
  A yellow wasp zombie (D:12)
  2 giant frog zombies
  7 big fish
  11 jellies
  8 hounds
  33 orc priests
  3 human skeletons (D:8)
  43 orc wizards
  4 human zombies (D:8)
  32 worker ants
  8 iguanas
  7 scorpions
  A black bear skeleton (D:7)
  2 ogre zombies (D:8)
  19 sheep
  Ijyb (D:2)
  Jessica (D:2)
  2 ogre skeletons
  2 mummies
  A worker ant zombie (D:7)
  9 gnolls
  22 adders
  5 giant centipedes
  49 green rats
  An inept feature mimic (D:6)
  A white imp (Orc:2)
  A giant mite (Lair:4)
  An inept item mimic (D:7)
  19 worms
  An ufetubus (Orc:2)
  An adder skeleton (D:4)
  6 giant eyeballs
  6 giant geckos
  7 oozes (Slime:3)
  183 orcs
  27 bats
  4 giant cockroaches
  26 goblins
  30 hobgoblins
  17 jackals
  16 kobolds
  8 quokkas
  A ball python (D:4)
  4 giant newts
  3 giant spores
  A goblin skeleton (D:5)
  5 illusory rakshasas (D:13)
  A kobold zombie (D:7)
  An orc skeleton (D:9)
  An orc zombie (D:6)
  17 rats
  9 rat skeletons (Orc:4)
  A spectral orc (D:10)
  6 ballistomycetes
  3 fungi
  6 plants
1454 creatures vanquished.

Vanquished Creatures (others)
  An orb spider (Spider:3)
  A spiny frog (Lair:8)
  A blink frog (Lair:8)
  An agate snail (Lair:8)
  A kobold (D:9)
  2 rat skeletons (Orc:4)
  3 fungi
  3 plants (Lair:8)
13 creatures vanquished.

Grand Total: 1467 creatures vanquished

Notes
Turn   | Place    | Note
--------------------------------------------------------------
     0 | D:1      | Neoxx, the Formicid Fighter, began the quest for the Orb.
     0 | D:1      | Reached XP level 1. HP: 18/18 MP: 1/1
   293 | D:1      | Reached XP level 2. HP: 18/24 MP: 2/2
  1004 | D:2      | Reached XP level 3. HP: 25/29 MP: 3/3
  1220 | D:2      | Noticed Ijyb
  1245 | D:2      | Killed Ijyb
  1245 | D:2      | Reached XP level 4. HP: 28/35 MP: 4/4
  1255 | D:2      | Reached skill level 1 in Throwing
  1686 | D:2      | Reached skill level 4 in Axes
  1879 | D:2      | Reached XP level 5. HP: 41/41 MP: 5/5
  2065 | D:2      | Noticed Jessica
  2149 | D:2      | Killed Jessica
  2643 | D:3      | Reached XP level 6. HP: 45/47 MP: 6/6
  2734 | D:3      | Reached skill level 5 in Axes
  3827 | D:4      | Reached skill level 6 in Axes
  3827 | D:4      | Reached XP level 7. HP: 28/52 MP: 7/7
  3977 | D:4      | Found Pryev's Assorted Antiques.
  3983 | D:4      | Bought a scroll labeled KISOMA PYEPRU for 27 gold pieces
  3983 | D:4      | Bought a runed trident for 113 gold pieces
  4216 | D:4      | Gained mutation: Your spells are a little harder to cast, but a little more powerful. [potion of beneficial mutation]
  4342 | D:5      | Entered Level 5 of the Dungeon
  4779 | D:5      | Reached skill level 7 in Axes
  4810 | D:5      | Reached XP level 8. HP: 31/60 MP: 8/8
  5224 | D:5      | Noticed Menkaure
  5233 | D:5      | Killed Menkaure
  5233 | D:5      | Reached skill level 8 in Axes
  6243 | D:6      | Reached skill level 9 in Axes
  6341 | D:6      | Noticed a hill giant
  6552 | D:6      | Found a staircase to the Ecumenical Temple.
  6572 | Temple   | Entered the Ecumenical Temple
  6648 | Temple   | Became a worshipper of Warmaster Okawaru
  6825 | D:6      | Reached XP level 9. HP: 58/65 MP: 9/9
  7024 | D:6      | Reached skill level 10 in Axes
  7618 | D:7      | Acquired Okawaru's first power
  7619 | D:7      | Found a sparkling altar of Nemelex Xobeh.
  7887 | D:7      | Reached skill level 11 in Axes
  8188 | D:8      | Reached skill level 1 in Invocations
  8212 | D:8      | Reached XP level 10. HP: 71/71 MP: 13/13
  8259 | D:8      | Found a staircase to the Lair.
  8259 | D:8      | Noticed an elephant
  8300 | D:8      | Killed an elephant
  8300 | D:8      | Reached skill level 12 in Axes
  8462 | D:8      | Found a basalt altar of Yredelemnul.
  8650 | D:8      | Reached skill level 5 in Invocations
  8864 | D:8      | Found a shadowy altar of Dithmenos.
  9060 | D:9      | Found Stuaf's Assorted Antiques.
  9080 | D:9      | Bought a potion of curing for 46 gold pieces
  9080 | D:9      | Bought a scroll of identify for 46 gold pieces
  9080 | D:9      | Bought a potion of curing for 46 gold pieces
  9176 | D:9      | Found Urghiopli's General Store.
  9186 | D:9      | Bought a scroll of enchant armour for 82 gold pieces
  9186 | D:9      | Bought a potion of confusion for 15 gold pieces
  9281 | D:9      | Found Pnoociopp's Gadget Boutique.
  9674 | D:9      | Found a glowing silver altar of Zin.
  9699 | D:9      | Found Yceel's Weapon Emporium.
  9993 | D:9      | Noticed an octopode
 10000 | D:9      | Killed an octopode
 10138 | D:10     | Entered Level 10 of the Dungeon
 10138 | D:10     | Noticed Grum
 10138 | D:10     | Noticed Joseph
 10152 | D:9      | Killed Joseph
 10152 | D:9      | Reached skill level 13 in Axes
 10294 | D:9      | Killed Grum
 10294 | D:9      | Reached XP level 11. HP: 26/77 MP: 20/22
 10485 | D:10     | Noticed Nergalle
 10508 | D:10     | Killed Nergalle
 10613 | D:10     | Noticed timbw's ghost (experienced VSGl)
 10631 | D:10     | Killed timbw's ghost
 10668 | D:10     | Got a dazzling war axe
 10669 | D:10     | Identified the +2,+4 war axe "Greggace" {venom, rN+ MR++} (You found it on level 10 of the Dungeon)
 11219 | D:11     | Reached skill level 14 in Axes
 11238 | D:11     | Reached skill level 10 in Invocations
 11321 | D:11     | Found a labyrinth entrance.
 11341 | D:11     | Reached skill level 5 in Armour
 11400 | D:11     | Acquired Okawaru's second power
 11406 | Lab      | Entered a labyrinth
 11870 | Lab      | Noticed a minotaur
 11888 | Lab      | Killed a minotaur
 11888 | Lab      | Reached XP level 12. HP: 54/85 MP: 25/25
 11922 | Lab      | Got a steaming garnet amulet
 11931 | Lab      | Identified the amulet of Toza {Inacc Dex+3} (You found it in a labyrinth)
 11944 | Lab      | Identified the Reference Book on the Escort (You found it in a labyrinth)
 11950 | Lab      | Learned a level 1 spell: Summon Butterflies
 11955 | Lab      | Learned a level 3 spell: Regeneration
 11958 | Lab      | Learned a level 2 spell: Shroud of Golubria
 11994 | D:11     | Noticed Harold
 12011 | D:11     | Killed Harold
 12011 | D:11     | Reached skill level 5 in Fighting
 12739 | D:8      | Received a gift from Okawaru
 12779 | Lair:1   | Entered Level 1 of the Lair of Beasts
 12800 | Lair:1   | Reached skill level 5 in Shields
 13430 | Lair:2   | Reached skill level 1 in Evocations
 13842 | Lair:2   | Got a faintly humming plate armour
 13875 | Lair:2   | Identified the +5 plate armour of Sloth {Str-1 Dex-3} (You found it on level 2 of the Lair of Beasts)
 14489 | Lair:2   | Reached skill level 15 in Axes
 14920 | Lair:3   | Received a gift from Okawaru
 14927 | Lair:3   | Reached XP level 13. HP: 88/94 MP: 27/27
 15064 | Lair:3   | Gained mutation: Your muscles are strong. (Str +2) [potion of beneficial mutation]
 17086 | Lair:5   | Received a gift from Okawaru
 17465 | Lair:5   | Found a staircase to the Shoals.
 18361 | Lair:6   | Reached skill level 5 in Evocations
 18412 | Lair:6   | Found a hole to the Spider Nest.
 18864 | Lair:6   | Reached skill level 16 in Axes
 19387 | Lair:7   | Reached XP level 14. HP: 94/105 MP: 26/27
 19441 | Lair:7   | Received a gift from Okawaru
 19806 | Lair:7   | Found a burning altar of Makhleb.
 20335 | Lair:8   | Entered Level 8 of the Lair of Beasts
 20352 | Lair:8   | Reached skill level 10 in Armour
 20697 | Lair:8   | Identified a scroll of acquirement
 20698 | Lair:8   | Got a polished buckler
 20716 | Lair:8   | Identified the -4 buckler of Grace {rN+ SInv Stlth++} (You acquired it on level 8 of the Lair of Beasts)
 21056 | Lair:8   | Got a polished scale mail
 21074 | Lair:8   | Identified the cursed +8 scale mail "Qiunis" {Str+2 Int+2} (You found it on level 8 of the Lair of Beasts)
 21154 | Lair:8   | Reached skill level 17 in Axes
 21414 | Lair:8   | Found a staircase to the Slime Pits.
 21604 | Lair:8   | Reached XP level 15. HP: 113/113 MP: 28/28
 23578 | D:12     | Found a staircase to the Orcish Mines.
 23847 | D:12     | You fall through a shaft!
 24087 | D:13     | Noticed Maurice
 24108 | D:13     | Killed Maurice
 24121 | D:13     | Identified a +0 cloak of preservation (You took it off Maurice on level 13 of the Dungeon)
 24156 | D:13     | Received a gift from Okawaru
 24772 | D:13     | Got a pair of transparent boots
 24776 | D:13     | Identified the cursed -3 pair of boots of Gluttony {rF+ rC++} (You found it on level 13 of the Dungeon)
 24800 | D:13     | Got a heavily runed iron ring
 25602 | Orc:1    | Entered Level 1 of the Orcish Mines
 26274 | Orc:2    | Noticed Eustachio
 26304 | Orc:2    | Killed Eustachio
 26387 | Orc:2    | Reached skill level 10 in Fighting
 26428 | Orc:2    | Noticed Sonja
 26471 | Orc:2    | Killed Sonja
 26709 | Orc:3    | Found Hyogam's Magical Wand Boutique.
 26757 | Orc:3    | Bought a wand of lightning (4) for 120 gold pieces
 26774 | Orc:3    | Found a roughly hewn altar of Beogh.
 26797 | Orc:3    | Found Lojun's Distillery.
 26801 | Orc:3    | Bought a potion of invisibility for 71 gold pieces
 26801 | Orc:3    | Bought a potion of strong poison for 26 gold pieces
 26801 | Orc:3    | Bought a potion of berserk rage for 39 gold pieces
 26801 | Orc:3    | Bought a potion of curing for 26 gold pieces
 26801 | Orc:3    | Bought a potion of curing for 26 gold pieces
 26801 | Orc:3    | Bought 2 potions of curing for 52 gold pieces
 27122 | Orc:3    | Reached skill level 18 in Axes
 27257 | Orc:3    | Found Kammoa's Armour Emporium.
 27301 | Orc:4    | Entered Level 4 of the Orcish Mines
 27301 | Orc:4    | Found Kullag's Antique Armour Boutique.
 27347 | Orc:4    | Bought a bloodstained chain mail for 560 gold pieces
 27375 | Orc:3    | Identified the +3 chain mail of Failure {rF+ rC++ SInv} (You bought it in a shop on level 4 of the Orcish Mines)
 27516 | Orc:4    | Found a staircase to the Elven Halls.
 28027 | Orc:4    | Found a bloodstained altar of Trog.
 28395 | Orc:4    | Received a gift from Okawaru
 28575 | Orc:4    | Found Diowauxe's Antique Armour Shop.
 28576 | Orc:4    | Found Tysupo Soreo's Distillery.
 28577 | Orc:4    | Found Biediac's Gadget Shop.
 28578 | Orc:4    | Found Geutedan's Assorted Antiques.
 28589 | Orc:4    | Bought a scroll labeled ZAOBBY QONOURGH for 30 gold pieces
 28592 | Orc:4    | Bought 2 potions of heal wounds for 84 gold pieces
 28592 | Orc:4    | Bought a potion of heal wounds for 42 gold pieces
 28592 | Orc:4    | Bought a potion of agility for 35 gold pieces
 28592 | Orc:4    | Bought a potion of agility for 35 gold pieces
 28595 | Orc:4    | Bought a scroll of identify for 60 gold pieces
 28596 | Orc:4    | Identified the ring "Froicla" {SustAb rElec rPois Stlth++} (You found it on level 13 of the Dungeon)
 28967 | Orc:1    | Found a roughly hewn altar of Beogh.
 29001 | Orc:1    | Found Blameif's Gadget Emporium.
 29258 | Orc:2    | Upgraded the game from 0.14-a0-2789-gc18c9f8 to 0.14-a0-2810-g474977d
 29526 | Spider:1 | Entered Level 1 of the Spider Nest
 29672 | Spider:1 | Reached XP level 16. HP: 123/123 MP: 29/29
 30765 | Spider:2 | Reached skill level 10 in Shields
 31576 | Spider:3 | Received a gift from Okawaru
 31597 | Spider:3 | Got a smoking war axe {god gift}
 31598 | Spider:3 | Identified the +2,-4 war axe "Banisher" {chop, rF+} (Okawaru gifted it to you on level 3 of the Spider Nest)
 32157 | Spider:4 | Noticed Snorg
 32169 | Spider:4 | Killed Snorg
 32183 | Spider:4 | Got a twisted chain mail
 32208 | Spider:4 | Identified the +7 chain mail "Panan" {Str-3 Int+2} (You found it on level 4 of the Spider Nest)
 32283 | Spider:4 | Reached skill level 19 in Axes
 32481 | Spider:4 | Noticed Azrael
 32503 | Spider:4 | Killed Azrael
 32989 | Spider:4 | Reached XP level 17. HP: 131/131 MP: 30/30
 33154 | Spider:4 | Received a gift from Okawaru
 33155 | Spider:4 | Got a smoking leather armour {god gift}
 33170 | Spider:4 | Identified the +0 leather armour of Pnufebry {+Blink rElec rPois} (Okawaru gifted it to you on level 4 of the Spider Nest)
 33622 | Spider:5 | Entered Level 5 of the Spider Nest
 33630 | Spider:5 | Noticed Wiglaf
 33675 | Spider:5 | Killed Wiglaf
 33775 | Spider:5 | Noticed Arachne
 33847 | Spider:5 | Killed Arachne
 34990 | Spider:5 | Received a gift from Okawaru
 35126 | Spider:5 | Got a gossamer rune of Zot
 35152 | Spider:5 | Reached XP level 18. HP: 141/141 MP: 0/30
 35309 | Spider:5 | Reached skill level 20 in Axes
 35965 | Slime:1  | Entered Level 1 of the Pits of Slime
 36579 | Slime:4  | You fall through a shaft!
 36605 | Slime:5  | Received a gift from Okawaru
 36638 | Slime:6  | Entered Level 6 of the Pits of Slime
 36885 | Slime:6  | Noticed the royal jelly
 36900 | Slime:6  | Slain by the royal jelly

Action                   |  1- 3 |  4- 6 |  7- 9 | 10-12 | 13-15 | 16-18 || total
-------------------------+-------+-------+-------+-------+-------+-------++-------
Melee: Hand axe          |    97 |   235 |   207 |       |       |       ||   539
       Unarmed           |     1 |     5 |       |     2 |       |       ||     8
       Falchion          |       |    15 |     5 |     2 |       |       ||    22
       Trident           |       |       |   112 |       |       |       ||   112
       Battleaxe         |       |       |   116 |   282 |  1136 |  1597 ||  3131
       War axe           |       |       |       |   500 |   773 |       ||  1273
 Fire: Blowgun           |       |       |     7 |       |       |       ||     7
Throw: Dart              |    36 |   114 |    82 |     2 |       |       ||   234
       Tomahawk          |       |       |    34 |    85 |    37 |       ||   156
       Large rock        |       |       |       |       |    22 |       ||    22
Invok: Heroism           |       |       |       |    13 |    18 |     6 ||    37
 Abil: Dig               |     2 |    12 |     5 |    28 |    37 |    32 ||   116
       Evoke Jump Attack |       |       |       |       |       |     6 ||     6
Evoke: Wand              |       |       |     3 |    13 |    27 |     2 ||    45
       Sack of spiders   |       |       |       |       |     1 |       ||     1
  Use: Scroll            |       |     5 |    11 |    11 |    13 |     3 ||    43
       Potion            |       |       |     3 |     4 |     3 |     8 ||    18
 Stab: Paralysed         |       |       |       |     2 |     7 |       ||     9
       Confused          |       |       |       |       |     4 |       ||     4
       Invisible         |       |       |       |       |     5 |       ||     5
       Held in net/web   |       |       |       |       |       |     6 ||     6
       Distracted        |       |       |       |       |       |     1 ||     1
